 Dungeon Crawl Stone Soup version 0.31-a0-163-gb40cd77e26 (webtiles) character file.

Game seed: 1089519835744354633

48 qw the Shooter (level 3, -1/32 HPs)
             Began as a Naga Hunter on June 12, 2023.
             Slain by Sigmund
             ... wielding a +0 scythe
              (7 damage)
             ... on level 2 of the Dungeon.
             The game lasted 00:00:24 (1174 turns).

qw the Shooter (Naga Hunter)                        Turns: 1174, Time: 00:00:24

Health: -1/32      AC:  4    Str: 13    XL:     3   Next: 72%
Magic:  3/3        EV:  8    Int:  9    God:
Gold:   64         SH:  0    Dex: 16    Spells: 2/2 levels left

rFire   . . .        Y - +0 shortbow
rCold   . . .        (shield currently unavailable)
rNeg    . . .        g - +0 swamp dragon scales
rPois   +            (no helmet)
rElec   .            (no cloak)
rCorr   .            (no gloves)
SInv    +            (no barding)
Will    .....        (no amulet)
Stlth   +            (no ring)
HPRegen 0.25/turn    (no ring)
MPRegen 0.08/turn

%: no passive effects
@: short of breath, slowed, very slow
A: AC +1, large, see invisible, deformed body, poison resistance, slowness 2,
spit poison 1, naga tail 1
a: Spit Poison


You were on level 2 of the Dungeon.
You visited 1 branch of the dungeon, and saw 2 of its levels.

You collected 119 gold pieces.
You spent 55 gold pieces at shops.


Innate Abilities, Weirdness & Mutations

Your serpentine skin is tough. (AC +1)
You have supernaturally acute eyesight. (SInv)
Armour fits poorly on your strangely shaped body.
Your system is resistant to poisons. (rPois)
You cover ground very slowly.
You can spit poison.
You have a snake-like lower body.


   Skills:
 - Level 2.0 Fighting
 + Level 4.8 Ranged Weapons
 - Level 1.5 Dodging
 - Level 1.5 Stealth


You had 2 spell levels left.
You didn't know any spells.
Your spell library was empty.

Inventory:

Hand Weapons
 Y - a +0 shortbow (weapon)
Armour
 b - a +0 helmet
 g - +0 swamp dragon scales (worn)
Scrolls
 a - a scroll of blinking {unknown}
 l - a scroll of identify
Potions
 d - 4 potions of curing
 e - a potion of mutation {unknown}
 h - a potion of heal wounds
 j - a potion of degeneration {unknown}

Dungeon Overview and Level Annotations

Branches:
Dungeon (2/15)

Altars:

Shops:
D:1 !

Annotations:
D:2 Jessica, Sigmund


Message History

Jessica blinks!
You shoot an arrow. The arrow hits the adder.
The adder is severely wounded.
You feel yourself speed up.
You feel sick. The adder bites you but does no damage.
The hobgoblin enters a dispersal trap!
The adder blinks!
The bat blinks! x2
Sigmund blinks!
The hobgoblin blinks!
You blink.
Found an embroidered cloak.
Found an escape hatch in the floor.
Jessica casts a spell at you. Pain shoots through your body!
Jessica points at you and mumbles some strange words.
You feel yourself slow down. Sigmund barely misses you.
Enter note:
Enter note:
Enter note: You shoot an arrow.
The arrow hits Sigmund but does no damage.
You have got your breath back.
You feel sick.
You are no longer poisoned.
Sigmund hits you from afar with a +0 scythe.
The bat hits you but does no damage.
1173 ||| INVOKING Spit Poison.
Aiming: Spit Poison (2% risk of failure)
Press: ? - help, Shift-Dir - straight line, f - adder, p - Sigmund The splash of poison hits the adder.
You kill the adder!
The bat hits you but does no damage.
Sigmund gestures wildly while chanting.
Sigmund flickers and vanishes for a moment.
The bat hits you.
You shoot an arrow.
The arrow hits the bat but does no damage.
The bat barely misses you.
Sigmund hits you from afar with a +0 scythe.
The bat hits you but does no damage.
Jessica mumbles some strange words.
Jessica seems to speed up.
Sigmund hits you from afar with a +0 scythe!
You die...

....
#...P....##.#...####
%..##
####.#.##.##......
....#
.....##).#..####
#....
##############...##
..##.
#[.........###.###
.##..........##¤.# .
......@......#)).#..#
#.....b@..g.......#
#@###.¤.g#...g.
#.....####.#.###
#<.#### ...# #.># .#
# .... .# #..## ....
.###


You could see Sigmund (invisible), Jessica (fast, strong, poisoned), a hobgoblin
and a bat.

Vanquished Creatures
  An adder (D:2)
  A worm (D:2)
  4 endoplasms
  3 giant cockroaches (D:2)
  2 hobgoblins
  3 quokkas
  A ball python (D:1)
  5 bats (D:1)
  3 frilled lizards
  5 goblins
  3 kobolds
  5 rats
36 creatures vanquished.

Notes
Turn   | Place    | Note
-------+----------+-------------------------------------------
     0 | D:1      | qw the Naga Hunter began the quest for the Orb.
     0 | D:1      | Reached XP level 1. HP: 19/19 MP: 1/1
     0 | D:1      | 0 ||| qw: Version: 0.2-a-29-gc1b59c4
     0 | D:1      | 0 ||| qw: Game counter: 4433
     0 | D:1      | 0 ||| qw: Always use a shield: true
     0 | D:1      | 0 ||| qw: God list: Okawaru
     0 | D:1      | 0 ||| qw: Allow faded altars: false
     0 | D:1      | 0 ||| qw: Do Orc after D:15 true
     0 | D:1      | 0 ||| qw: Do second Lair branch before Depths: true
     0 | D:1      | 0 ||| qw: Lair rune preference: random
     0 | D:1      | 0 ||| qw: Plans: Normal
     0 | D:1      | 0 ||| PLANNING D:1-11
    68 | D:1      | 68 ||| INVOKING Spit Poison.
    81 | D:1      | 81 ||| INVOKING Spit Poison.
   158 | D:1      | 158 ||| INVOKING Spit Poison.
   176 | D:1      | Reached skill level 4 in Ranged Weapons
   176 | D:1      | Reached XP level 2. HP: 26/26 MP: 2/2
   187 | D:1      | 187 ||| INVOKING Spit Poison.
   197 | D:1      | Found a faded altar of an unknown god.
   428 | D:1      | 428 ||| INVOKING Spit Poison.
   661 | D:1      | 661 ||| INVOKING Spit Poison.
   738 | D:1      | 738 ||| INVOKING Spit Poison.
   743 | D:1      | 743 ||| INVOKING Spit Poison.
   764 | D:1      | 764 ||| INVOKING Spit Poison.
   769 | D:1      | 769 ||| INVOKING Spit Poison.
   831 | D:1      | Found Efoulies's Distillery.
   834 | D:1      | 834 ||| SHOPLISTING 2 potions of mutation (176 gold, have
                  | 89).
   834 | D:1      | 834 ||| BUYING potion of heal wounds (55 gold).
   834 | D:1      | Bought a potion of heal wounds for 55 gold pieces
   834 | D:1      | 834 ||| SHOPLISTING potion of mutation (88 gold, have 34).
   834 | D:1      | 834 ||| SHOPLISTING potion of resistance (110 gold, have
                  | 34).
   959 | D:1      | 959 ||| UPGRADING to +0 swamp dragon scales.
   969 | D:1      | 969 ||| DROPPING +0 leather armour.
   970 | D:1      | 970 ||| READING scroll labelled NIEBRE QECOTS.
   971 | D:1      | 971 ||| READING scroll labelled OVVI YMARGHISTROTOT.
   972 | D:1      | 972 ||| READING 2 scrolls labelled TAZAGIPHURPH.
   973 | D:1      | 973 ||| DRINKING 4 clear potions.
   974 | D:1      | 974 ||| DRINKING 2 glowing purple potions.
   975 | D:1      | 975 ||| DRINKING 3 emerald potions.
   976 | D:1      | 976 ||| DROPPING scroll of butterflies.
   977 | D:1      | 977 ||| DROPPING potion of brilliance.
   978 | D:1      | 978 ||| DROPPING 2 potions of enlightenment.
  1039 | D:2      | 1039 ||| INVOKING Spit Poison.
  1064 | D:2      | Reached XP level 3. HP: 32/32 MP: 3/3
  1069 | D:2      | 1069 ||| INVOKING Spit Poison.
  1105 | D:2      | 1105 ||| INVOKING Spit Poison.
  1122 | D:2      | 1122 ||| INVOKING Spit Poison.
  1126 | D:2      | 1126 ||| INVOKING Spit Poison.
  1135 | D:2      | 1135 ||| INVOKING Spit Poison.
  1162 | D:2      | Noticed Jessica
  1163 | D:2      | Noticed Sigmund
  1164 | D:2      | 1164 ||| INVOKING Spit Poison.
  1167 | D:2      | 1167 ||| INVOKING Spit Poison.
  1167 | D:2      | HP: 8/32 [adder (2)]
  1168 | D:2      | 1168 ||| DRINKING 2 potions of heal wounds.
  1170 | D:2      | 1170 ||| INVOKING Spit Poison.
  1173 | D:2      | 1173 ||| INVOKING Spit Poison.
  1174 | D:2      | HP: 6/32 [Sigmund/+0 scythe (4)]
  1174 | D:2      | Slain by Sigmund

Levels and vault maps discovered:
D:1:      lemuel_arrival_cross, layout_basic, ebering_ecumenical_altar_box,
          serial_shops, nicolae_shop_real_fake_doors
D:2:      cheibrodos_old_hovel, layout_rooms, uniq_jessica, uniq_sigmund

Skill      XL: |  1 |
---------------+----+-----
Ranged Weapons | 4 |  4.8
Fighting       | |  2.0
Dodging        | |  1.5
Stealth        | |  1.5

Action                     || total
---------------------------++-------
   Fire: Shortbow          ||    49
Ability: Spit Poison       ||    20
    Use: Potion            ||     4
         Scroll            ||     3
 Armour: Leather armour    ||     2
         Swamp dragon scal ||    11
  Dodge: Dodged            ||     6

Table legend:
 A = Non-vault XP
 B = Vault XP
 C = Vault XP percentage of total XP
 D = Non-vault monster count
 E = Vault monster count
 F = Vault count percentage of total count
                 A         B        C        D         E       F
            +---------+---------+-------+---------+---------+-------
      Total |      67 |       2 |   2.9 |      35 |       1 |   2.8
            +---------+---------+-------+---------+---------+-------
        D:1 |      31 |       0 |   0.0 |      22 |       0 |   0.0
        D:2 |      36 |       2 |   5.3 |      13 |       1 |   7.1
            +---------+---------+-------+---------+---------+-------
